Map: Ulrena

Players

MorN

  • Race: Terran Terran
  • League: Master

Cristiger - Winner!

  • Race: Zerg Zerg
  • League: Master

VOD

Have the link to the VOD?

Description

Time

  • Played on: Nov. 21, 2015, 7:09 p.m.
  • Length: 5:54
Show
View Real Time Build Order
Export as new Build Order

MorN Terran 

Build Orders: Liberator Opening, Reaper Expand 

Get SALT Encoding   

  12  0:00  SCV  
  13  0:12  SCV  
  14  0:17  Supply Depot  
  14  0:25  SCV  
  15  0:39  SCV  
  15  0:40  Barracks  
  16  0:45  Refinery  
  16  0:51  SCV  
  17  1:03  SCV  
  18  1:15  SCV  
  19  1:28  Reaper  
  19  1:29  Orbital Command  
  20  1:42  Command Center  
  20  1:53  Supply Depot  
  20  1:55  SCV  
  20  2:01  Reaper  
  22  2:07  SCV  
  23  2:26  Factory  
  23  2:27  SCV  
  24  2:44  Barracks Reactor  
  24  2:53  SCV  
  24  2:56  Refinery  
  25  2:59  Command Center  
  25  3:05  SCV  
  25  3:17  SCV  
  25  3:18  Starport  
  26  3:20  Orbital Command  
  26  3:29  SCV  
  26  3:33  Hellion  
  26  3:34  Hellion, Barracks Tech Lab  
  32  3:41  SCV  
  29  3:51  SCV, Liberator  
  29  3:53  SCV  
  29  3:55  Hellion x2  
  36  4:14  Orbital Command  
  36  4:21  SCV  
  36  4:23  Marine  
  38  4:27  Hellion  
  38  4:29  SCV  
  41  4:36  SCV  
  42  4:43  SCV x2  
  44  4:46  Marine  
  44  4:47  Supply Depot  
  44  4:48  SCV  
  46  4:59  Factory Reactor  
  46  5:01  Barracks  
  46  5:04  Barracks  
  46  5:06  SCV x2  
  41  5:30  SCV  
  41  5:34  Supply Depot  
  40  5:40  Bunker  
  40  5:41  Bunker  
Show
View Real Time Build Order
Export as new Build Order

Cristiger Zerg - Winner!

Build Orders: Hatch First 

Get SALT Encoding   

  12  0:09  Overlord  
  12  0:13  Drone  
  13  0:18  Drone  
  14  0:27  Drone  
  15  0:31  Drone  
  16  0:41  Drone  
  17  0:55  Hatchery  
  16  1:09  Spawning Pool  
  15  1:13  Drone  
  15  1:15  Drone  
  17  1:18  Drone  
  17  1:25  Drone  
  19  1:27  Extractor  
  18  1:35  Overlord  
  18  1:48  Drone  
  19  1:55  Queen  
  19  1:57  Zergling x2  
  22  2:07  Queen  
  24  2:08  Zergling x4  
  26  2:21  Overlord  
  26  2:22  Drone  
  27  2:29  Drone  
  28  2:31  Metabolic Boost, Drone  
  28  2:40  Drone  
  28  2:41  Drone  
  30  2:48  Queen  
  32  2:55  Drone x2  
  34  3:03  Drone  
  34  3:04  Drone  
  35  3:11  Zergling x2  
  35  3:12  Zergling x4  
  37  3:14  Drone  
  38  3:20  Drone x3  
  38  3:22  Drone  
  42  3:29  Zergling x2  
  42  3:32  Lair  
  43  3:36  Roach Warren  
  42  3:42  Drone  
  42  3:48  Overlord  
  43  3:50  Overlord, Extractor  
  43  3:51  Overlord  
  40  4:08  Overlord  
  38  4:14  Zergling x8  
  42  4:18  Overlord  
  42  4:23  Drone  
  42  4:24  Drone x2  
  45  4:33  Glial Reconstitution  
  43  4:42  Roach  
  43  4:43  Roach x7  
  58  4:55  Extractor  
  58  4:56  Roach x2  
  61  5:05  Spore Crawler  
  60  5:08  Spore Crawler, Roach  
  60  5:12  Roach  
  63  5:15  Roach x3  
  63  5:18  Roach x2  
  73  5:27  Roach x2  
  77  5:29  Overlord  
  77  5:34  Roach  
  76  5:52  Ravager  
Tags
 
Add a new tag
Caveats
  • Supply blocks, unpowered buildings, or Contaminate may cause inaccurate times.
  • Supply counts are checked every 10 seconds.